Cogmind - Beta 9.6 @@@ ROGUE MODE // 2020.08.24 @ 15:43:42 Player: Finestep Result: Destroyed by S-10 Pest with Light Assault Rifle Performance ------------- Evolutions (0) 0 Regions Visited (2) 400 Robots Destroyed (46) 230 Value Destroyed (828) 828 Prototype IDs (0) 0 Alien Tech Used (0) 0 Bonus (8) 8 TOTAL SCORE: 1466 Bonus ------- High Alert Combat Kills 8 Cogmind --------- Core Integrity 0/250 Matter 280/300 Energy 240/250 System Corruption 0% Temperature Cool (0) Movement Walking (180) Ox2 Location -10/Mines Parts ------- > --- POWER (1) -------- Ion Engine > --- PROPULSION (2) --- Aluminum Leg Aluminum Leg > --- UTILITY (2) ------ Large Storage Unit Large Storage Unit > --- WEAPON (2) ------- Light Assault Rifle Grenade Launcher > --- INVENTORY (16) --- Light Nuclear Core Light Treads Large Storage Unit Large Storage Unit High-capacity Matter Pod (200) Beam Cannon Beam Cannon Assault Rifle Assault Rifle Assault Rifle Assault Rifle Light Assault Rifle Grenade Launcher Mining Laser Peak State ------------ > --- POWER ------------ Light Ion Engine > --- PROPULSION ------- Light Treads Wheel > --- UTILITY ---------- Large Storage Unit Large Storage Unit > --- WEAPON ----------- Light Assault Rifle Light Assault Rifle > --- INVENTORY -------- Ion Engine Light Ion Engine Compact Wheel Compact Wheel Small Storage Unit Large Storage Unit Small Laser Light Assault Rifle Light Assault Rifle Mining Laser [Rating: 8] Favorites ----------- Power Light Ion Engine Engine Light Ion Engine Propulsion Light Treads Treads Light Treads Leg Aluminum Leg Wheel Compact Wheel Utility Large Storage Unit Storage Large Storage Unit Weapon Light Assault Rifle Energy Gun Small Laser Ballistic Gun Light Assault Rifle Launcher Grenade Launcher Special Weapon Mining Laser Build | -11 -10 -10 ------- Run | Scr Mat Min Slots Evolved . | . . . Power . | . . . Propulsion . | . . . Utility . | . . . Weapon . | . . . Parts Attached 41 | 10 22 9 Power 5 | 1 3 1 Engine 5 | 1 3 1 Core . | . . . Reactor . | . . . Propulsion 13 | 5 5 3 Treads 4 | 2 1 1 Leg 3 | . 1 2 Wheel 6 | 3 3 . Hover . | . . . Flight . | . . . Utility 4 | 2 2 . Device . | . . . Storage 4 | 2 2 . Processor . | . . . Hackware . | . . . Protection . | . . . Artifact . | . . . Weapon 19 | 2 12 5 Energy Gun 3 | 1 2 . Energy Cannon . | . . . Ballistic Gun 11 | 1 7 3 Ballistic Cannon . | . . . Launcher 2 | . . 2 Special Weapon 3 | . 3 . Impact Weapon . | . . . Slashing Weapon . | . . . Piercing Weapon . | . . . Special Melee Weapon . | . . . Unidentified Prototypes . | . . . Parts Lost 11 | . 6 5 Power 2 | . 1 1 Propulsion 6 | . 4 2 Utility . | . . . Weapon 3 | . 1 2 Highest Loss Streak 4 | . 4 4 Average Slot Usage (%) 97 | . 97 97 Engine 13 | . 13 13 Treads 9 | . 10 4 Leg 5 | . 3 16 Wheel 11 | . 12 6 Storage 28 | . 28 28 Energy Gun 1 | . 2 . Ballistic Gun 26 | . 25 27 Naked Turns . | . . . Heaviest Build 39 | 15 37 39 Greatest Support 40 | 40 40 20 Greatest Overweight (x) 3 | . 3 2 Average Overweight (x) 1 | . 1 1 Largest Inventory Capacity 16 | 8 16 16 Average Capacity 12 | 6 13 16 Most Carried 16 | 7 16 16 Average Carried 11 | 3 11 14 Final Capacity 16 | 8 16 16 Final Carried 16 | 7 16 14 Class Distribution -------------------- 63% | Scavenger-Mutant 36% | Mutant Dominant Class ---------------- Scavenger-Mutant | -10/Materials Scavenger-Mutant | -10/Mines Resources | -11 -10 -10 ----------- Run | Scr Mat Min Matter Collected 1050 | 319 624 107 Remotely . | . . . Salvage Created 1318 | 81 1051 186 Parts 93 | 9 76 8 Haulers Intercepted 2 | . 2 . Recyclers Shooed 1 | . 1 . Parts Field Recycled . | . . . Retrieved Matter . | . . . Parts Self-Destructed . | . . . Prevented . | . . . Kills | -11 -10 -10 ------- Run | Scr Mat Min Combat Hostiles Destroyed 32 | . 27 5 Guns 29 | . 27 2 AOE 3 | . . 3 Classes Destroyed 8 | 2 6 . Worker 4 | . 4 . Tunneler 2 | 2 . . Hauler 2 | . 2 . Recycler 3 | 1 2 . Operator 1 | . 1 . Watcher 2 | . 2 . Swarmer 16 | . 15 1 Grunt 16 | . 12 4 Best Kill Streak 12 | 2 12 2 Combat Bots Only 8 | . 8 2 Max Kills in Single Turn 2 | 1 1 2 Gunslinging . | . . . Exploded 2 | . . 2 Melee . | . . . Uniques/NPCs Destroyed . | . . . Combat | -11 -10 -10 -------- Run | Scr Mat Min Damage Taken 1480 | . 987 493 Core 250 | . 141 109 Absorbed by Shields . | . . . Core Remaining (%) 100 | 100 . . Volleys Fired 170 | 19 129 22 Largest 2 | 2 2 2 Hottest 100 | 60 100 40 Shots Fired 330 | 38 253 39 Gun 324 | 38 249 37 Cannon . | . . . Launcher 2 | . . 2 Special 4 | . 4 . Kinetic 290 | 19 234 37 Thermal 38 | 19 19 . Explosive 2 | . . 2 Electromagnetic . | . . . Robot Hit Streak 15 | 7 9 15 Robot Miss Streak 6 | 2 6 2 Penetration Max . | . . . Secondary Targets 1 | . 1 . Max Gunslinging Chain 1 | . 1 . Shots Hit Robots 197 | 22 145 30 Core Hits 92 | 6 72 14 Critical Hits 4 | . 4 . Critical Kills 3 | . 3 . Critical Parts Destroyed 1 | . 1 . Melee Attacks . | . . . Impact . | . . . Slashing . | . . . Piercing . | . . . Sneak Attacks . | . . . Combat Hostiles . | . . . Follow-up Attacks . | . . . Damage Inflicted 1863 | 207 1258 398 Guns 1702 | 207 1258 237 Cannons . | . . . Explosions 161 | . . 161 Melee . | . . . Ramming . | . . . Kinetic 1514 | 95 1182 237 Thermal 188 | 112 76 . Explosive 161 | . . 161 Electromagnetic . | . . . Impact . | . . . Slashing . | . . . Piercing . | . . . Highest Corruption . | . . . Average Corruption . | . . . Corruption Purged . | . . . Overload Shots . | . . . Overflow Damage . | . . . Projectiles . | . . . Explosions . | . . . Melee . | . . . Knockbacks . | . . . Impact . | . . . Kinetic . | . . . Secondary . | . . . Self-Inflicted Damage . | . . . Shots . | . . . Rammed . | . . . Targets Rammed . | . . . Kicked . | . . . Crushed . | . . . Highest Temperature 60 | 60 58 30 Average Temperature 18 | 24 16 13 Received Heat Transfer 477 | . 222 255 Siege Activations . | . . . Robots Corrupted . | . . . Combat Hostiles . | . . . Parts Fried . | . . . Impact Corruptions . | . . . Robots Melted . | . . . Combat Hostiles . | . . . Parts Melted . | . . . Heat Transferred 425 | 250 175 . Parts Sabotaged . | . . . Parts Stolen . | . . . Parts Stripped . | . . . Power Chain Reactions . | . . . Missiles Intercepted . | . . . Alert | -11 -10 -10 ------- Run | Scr Mat Min Peak Influence 404 | 15 404 218 Average Influence 187 | 6 217 145 Maximum Alert Level 2 | . 2 1 Low Security (%) 53 | 100 37 99 Level 1 45 | . 60 . Level 2 1 | . 1 . Level 3 . | . . . Level 4 . | . . . Level 5 . | . . . High Security . | . . . Max Security . | . . . Squads Dispatched 6 | . 6 . Investigation 1 | . 1 . Extermination . | . . . Reinforcement 5 | . 5 . Assault . | . . . Garrison . | . . . Intercept . | . . . Construction Impeded . | . . . Haulers Reinforced . | . . . Stealth | -11 -10 -10 --------- Run | Scr Mat Min Distress Signals 1 | . 1 . Communications Jammed . | . . . Distress Signals . | . . . Times Spotted 59 | . 52 7 Peak Tracking Total 4 | . 4 3 Tactical Retreats 2 | . 2 . Traps | -11 -10 -10 ------- Run | Scr Mat Min Traps Triggered . | . . . Indirectly . | . . . Trap Hack Attempts . | . . . Triggered . | . . . Disarmed . | . . . Reprogrammed . | . . . Reused . | . . . Traps Extracted . | . . . Installed . | . . . Triggered . | . . . Machines | -11 -10 -10 ---------- Run | Scr Mat Min Machines Disabled 1 | . . 1 Max in Single Turn 1 | . . 1 Machines Sabotaged . | . . . Garrisons Compromised . | . . . Overloaded Fab Kills . | . . . Fab Network Shutdowns . | . . . Hacking | -11 -10 -10 --------- Run | Scr Mat Min Machines Accessed 3 | . 3 . Terminals 2 | . 2 . Fabricators . | . . . Repair Stations . | . . . Recycling Units 1 | . 1 . Scanalyzers . | . . . Garrison Access . | . . . Total Hacks 8 | . 8 . Successful 5 | . 5 . Failed 3 | . 3 . Catastrophic 1 | . 1 . Database Lockouts . | . . . Manual 4 | . 4 . Terminals 5 | . 5 . Fabricators . | . . . Repair Stations . | . . . Recycling Units 3 | . 3 . Scanalyzers . | . . . Garrison Access . | . . . Terminal Hacks 3 | . 3 . Part Schematic 2 | . 2 . Zone Layout 1 | . 1 . Fabricator Hacks . | . . . Repair Station Hacks . | . . . Recycling Unit Hacks 1 | . 1 . Retrieve Components 1 | . 1 . Scanalyzer . | . . . Garrison Access Hacks . | . . . Unauthorized Hacks 1 | . 1 . Terminals . | . . . Fabricators . | . . . Repair Stations . | . . . Recycling Units 1 | . 1 . Tunnel 1 | . 1 . Scanalyzers . | . . . Garrison Access . | . . . Data Cores Recovered . | . . . Used . | . . . Hacking Detections 3 | . 3 . Full Trace Events . | . . . Feedback Events . | . . . Feedback Blocked . | . . . Robot Schematics Acquired . | . . . Robots Built . | . . . Matter . | . . . Time . | . . . Total Robot Build Rating . | . . . Part Schematics Acquired 2 | . 2 . Parts Built . | . . . Matter . | . . . Time . | . . . Total Part Build Rating . | . . . Parts Repaired . | . . . Time . | . . . Parts Recycled . | . . . Recycled Matter . | . . . Retrieved Matter . | . . . Retrieved Components 10 | . 10 . Parts Scanalyzed . | . . . Part Schematics Acquired . | . . . Parts Damaged . | . . . Bothacking | -11 -10 -10 ------------ Run | Scr Mat Min Used RIF Installer . | . . . Robots Hacked . | . . . Non-combat . | . . . Combat . | . . . Robot Hacks Applied . | . . . Relay Couplers Released . | . . . Robots Rewired . | . . . Allies Hacked . | . . . Hacks Repelled . | . . . Allies | -11 -10 -10 -------- Run | Scr Mat Min Total Allies . | . . . Largest Group . | . . . Highest-Rated Group . | . . . Highest-Rated Ally . | . . . Total Orders . | . . . Ally Attacks . | . . . Total Damage . | . . . Kills . | . . . Allies Corrupted . | . . . Allies Melted . | . . . Intel | -11 -10 -10 ------- Run | Scr Mat Min Robot Analysis Total . | . . . Derelict Logs Recovered 1 | . . 1 Drone Launches . | . . . Drone Recoveries . | . . . Exploration | -11 -10 -10 ------------- Run | Scr Mat Min Turns Passed 1721 | 152 1286 283 Spaces Moved 920 | 56 704 160 Core 2 | 2 . . Treads 174 | 39 120 15 Legs 41 | . . 41 Wheels 703 | 15 584 104 Hover . | . . . Flight . | . . . Fastest Speed 50 | 50 90 120 Average Speed 121 | 140 117 133 Slowest Speed 180 | 160 180 180 Overloaded Moves . | . . . Propulsion Burnouts . | . . . Robots Hopped . | . . . Cave-ins Triggered . | . . . Exploration Rate (%) 48 | 4 89 53 Regions Visited 2 Branch Regions 1 Pre-discovered Areas 2 | . 1 1 Known Exits Taken . | . . . Unknown Exits Taken 2 | 1 1 . Scrap Searched 1 | . . 1 Spaces Dug 3 | . 3 . Terrain Destroyed 17 | . 4 13 Melee . | . . . Projectile 4 | . 4 . AOE 13 | . . 13 Actions | -11 -10 -10 --------- Run | Scr Mat Min Total 1239 | 92 950 197 Wait 64 | . 61 3 Move 918 | 55 703 160 Hop . | . . . Pick Up 29 | 7 19 3 Fast Attach 12 | 7 5 . Attach 10 | 1 4 5 Detach 1 | 1 . . Swap 19 | 2 13 4 Drop 16 | . 16 . Fire 170 | 19 129 22 Melee . | . . . Ram . | . . . Kick . | . . . Crush . | . . . Escape Stasis . | . . . Rewire . | . . . Trap . | . . . Miscellaneous . | . . . Route ------- -11/Scrapyard -10/Materials (discovered 5 exits: [*Mat x3] / [*Min x2]) -10/Mines (discovered 1 exit: [*Mat]) History --------- Turn | Location | Event 23 | -11/Scrapyard | Discovered new exit (range 15) 153 | -11/Scrapyard | Entered Materials 318 | -10/Materials | Build established: Mutant 458 | -10/Materials | Discovered new exit (range 9) 493 | -10/Materials | Discovered new exit (range 6) 542 | -10/Materials | Discovered new exit (range 6) 663 | -10/Materials | Discovered new exit (range 3) 727 | -10/Materials | Build established: Scavenger-Mutant 1070 | -10/Materials | Destroyed 8 combat bots 1080 | -10/Materials | Lost 4 parts (3n1w) 1167 | -10/Materials | Discovered new exit (range 13) 1326 | -10/Materials | Core integrity fell below 50% 1439 | -10/Materials | Entered Mines 1629 | -10/Mines | Lost 4 parts (1p1n2w) 1631 | -10/Mines | Core integrity fell below 20% 1675 | -10/Mines | Discovered new exit (range 8) 1722 | -10/Mines | Destroyed by S-10 Pest with Light Assault Rifle Last Messages --------------- 01619_ K-01 Serf collects debris. 01632_ Aluminum Leg destroyed. 01632_ K-01 Serf collects debris. 01643_ G-47 Trooper destroyed. 01643_ G-34 Mercenary destroyed. 01652_ Acquired 40 matter. 01654_ Acquired 1 matter. 01657_ Acquired 10 matter. 01660_ U-05 Engineer lays Concrete. 01664_ K-01 Serf collects debris. 01664_ U-05 Engineer lays Concrete. 01668_ K-01 Serf collects debris. 01669_ U-05 Engineer builds a Wall. 01675_ EXIT=FOUND 01701_ K-01 Serf cleans the Pressure Siphon. 01703_ Acquired derelict log, extracted data. World map updated: -10/Materials. 01706_ K-01 Serf cleans the Pressure Siphon. 01721_ Pressure Siphon disabled. 01721_ S-10 Pest destroyed. Map ----- +----------------------------------------------------+ | | | | | | | | | | | | | | | | | | | ????????????????????????????????######???????????? | | ???????????????????????????????# #??????????? | | ???????????????????????????????# !! #??????????? | | ???????????????????????????????# !! #??????????? | | ?????????????????????????????### !!!! #????????### | | ????????????????????????????## !!!! #?????#### | | ????????????????????????????# ?????## ! | | ???????????????????#######??# < #?????# % | | ??????????????????## ##??# ##????# ## | | ????????########### ##??# ##??## ### | | ????????# """" ##??# #?## #?# | | ????????? """" ##?## #?# = #?? | | ??????????????# "" ##### ##?# % #?? | | ???????????????# s[ ### ###??# = #?? | | ???????????????## # %= ## #?# #???## ##?? | | ????????????????## ???# ## #?# ##### #?? | | ???????????????????????##@ # ### ## ##? | | ????????????????????????# ## | | ??????????????????# ##### | | ??????????????????# ####### | | ??????????????????####### ####????# ### # | | ????????????????????????# #??????# #?## ## | | ????????????????????????# #??????# #??## ##? | | ????????????????????????# ????? #???# #?? | | ????????????????????????# #????#### ##???# #?? | | ????????????????????????# #???????## #????## ##?? | | ???????????????????????? #????????# ??????###??# | | ????????????????????????####????????# ???????##### | | ????????????????????????????????????# ???????# | | ????????????????????????????????????# ???????# ### | | ????????????????????????????????????# ???????????# | | ????????????????????????????????????? ??????????## | | ????????????????????????????????????? ?????????## | | ??????????????????????????????????????????????## | | ?????????????????????????????????????????????## | | ????????????????????????????????????????????## ## | | ????????????????????????????????????????????# ##? | | ???????????????????????????????????????????## ##? | | ???????????????????????????????????????????# ## | | ???????????????????????????????????????????# | | ???????????????????????????????????????????# | +----------------------------------------------------+ Best States ------------- Heat Dissipation 25 Energy Generation 10 Energy Capacity 250 Matter Stores 300 Matter Capacity 300 Sight Range 16 Terrain Scan Density 10 Evasion (%) 42 Recoil Reduction 2 Item Schematics ----------------- Lrg. Storage Unit | -10/Materials | Hacked Hcp. Storage Unit | -10/Materials | Hacked Robot Schematics ------------------ None Fabricated ------------ Nothing Alien Tech Used ----------------- None Achievements -------------- None Challenges ------------ None Game ------ Seed DerelictSkeletonRegulator Manual? 0 Play Time 00:11:21 Cumulative 424.1 hours Start 2020.08.24 @ 15:33:35 End 2020.08.24 @ 15:43:42 Sessions 1 Manual Loads 0 Difficulty Rogue Special Mode None Game No. 286 Rogue 286 Adventurer 0 Explorer 0 Win Type - Total 4 Types 4/0/0/0/0/0/0 Lore% 86 Gallery% 86 Achievement% 65 Wizard Run 0 Options --------- ASCII 0 Keyboard 0 Movement Mouse Keybinds 1 Fullscreen 2 Font 24/Smallcaps Map View 76x50 Tactical HUD 1 Map Filters NONE Filters NONE Steam 1 RUN: a4debd6c-2f7e-4b94-a98c-266c90fcad33